 Dungeon Crawl Stone Soup version 0.29-a0-121-g8efb068a30 (webtiles) character file.

Game seed: 5400103057969503743

1723 Gargoyl the Covered (level 9, -1/54 HPs)
             Began as a Gargoyle Abyssal Knight on Feb 20, 2022.
             Was a Priest of Lugonu.
             Slain by an iguana (11 damage)
             ... on level 5 of the Dungeon.
             The game lasted 00:07:45 (7495 turns).

Gargoyl the Covered (Gargoyle Abyssal Knight)       Turns: 7495, Time: 00:07:46

Health: -1/54      AC: 18    Str: 22    XL:     9   Next: 4%
Magic:  13/13      EV:  7    Int: 10    God:    Lugonu [***...]
Gold:   150        SH:  8    Dex: 10    Spells: 8/8 levels left

rFire   . . .      SeeInvis .   u - +3 long sword (flame)
rCold   + + .      Faith    .   o - +0 kite shield
rNeg    + . .      Spirit   .   e - +2 chain mail {rC+}
rPois   ∞          Reflect  .   (no helmet)
rElec   +          Harm     .   (no cloak)
rCorr   .          Rampage  .   (no gloves)
Will    .....                   (no boots)
Stlth   ..........              j - amulet of the acrobat
HPRegen 0.18/turn               h - ring of protection from cold
MPRegen 0.13/turn               (no ring)

@: no status effects
A: sickness immunity, AC +6, negative energy resistance 1, electricity
resistance, torment resistance 1, petrification resistance
a: Renounce Religion, Depart the Abyss, Bend Space, Banish


You were on level 5 of the Dungeon.
You worshipped Lugonu.
Lugonu was most pleased with you.
You visited 1 branch of the dungeon, and saw 6 of its levels.
You visited the Abyss 1 time.

You collected 330 gold pieces.
You spent 180 gold pieces at shops.

Inventory:

Hand Weapons
 a - a +2 hand axe
 t - a +0 war axe
 u - a +3 long sword of flaming (weapon)
Missiles
 f - 10 poisoned darts (quivered)
Armour
 e - a +2 chain mail of cold resistance (worn)
 o - a +0 kite shield (worn)
Jewellery
 h - a ring of protection from cold (left hand)
 j - an amulet of the acrobat (around neck)
 q - a ring of fire
 r - an amulet of reflection
Scrolls
 l - 4 scrolls of teleportation
Potions
 b - a potion of cancellation
 c - 2 potions of flight {unknown}
 d - a potion of attraction {unknown}
 g - a potion of haste {unknown}
 i - 2 potions of heal wounds
 k - 2 potions of brilliance {unknown}
 m - 3 potions of mutation {unknown}
 n - 2 potions of curing {unknown}
 p - a potion of berserk rage {unknown}


   Skills:
 + Level 5.3 Fighting
 + Level 4.7 Long Blades
 + Level 3.3 Axes
 + Level 1.0 Throwing
 + Level 5.9 Armour
 + Level 2.1 Dodging
 + Level 0.8 Stealth
 + Level 3.5 Shields
 * Level 5.5 Invocations


You had 8 spell levels left.
You didn't know any spells.
Your spell library contained the following spells:

 Spells                   Type           Power      Damage    Failure   Level
 Beastly Appendage        Tmut           0%         N/A       100%        1
 Wereblood                Tmut           0%         N/A       100%        2
 Gell's Gravitas          Tloc           0%         N/A       100%        3
 Lesser Beckoning         Tloc           0%         N/A       100%        3
 Spider Form              Tmut/Pois      0%         N/A       100%        3
 Teleport Other           Tloc           0%         N/A       100%        3


Dungeon Overview and Level Annotations

Branches:
Dungeon (6/15)             Temple (0/1) D:6

Altars:
Hepliaklqana
Makhleb
Ru

Shops:
D:4 !

Annotations:
D:3 2 transporters


Innate Abilities, Weirdness & Mutations

You are immune to sickness and miasma.
Your stone body is resilient. (AC +6)
You are immune to poison.
You resist negative energy. (rN+)
You are resistant to electric shocks. (rElec)
You are resistant to unholy torment.
You are immune to petrification.


Message History

The iguana is heavily wounded.
The wight hits you but does no damage. You block the iguana's attack.
Unknown command.
You hit the wight but do no damage.
The wight is moderately damaged.
You block the wight's attack. You block the iguana's attack.
Unknown command.
You closely miss the wight.
The wight is moderately damaged.
The wight hits you with a +5 dagger of freezing.
You block the iguana's attack. The wight hits you but does no damage.
You block the iguana's attack.
You hit the wight. You burn the wight.
The wight is almost destroyed.
The wight hits you but does no damage.
The iguana bites you but does no damage.
Unknown command.
You closely miss the wight.
The wight is almost destroyed.
You block the wight's attack. The iguana bites you.
Unknown command.
You hit the wight. You burn the wight.
You destroy the wight!
Lugonu accepts your kill.
The iguana hisses menacingly.
The iguana bites you!
* * * LOW HITPOINT WARNING * * *
The iguana barely misses you.
You barely miss the iguana.
The iguana is moderately wounded.
The iguana bites you but does no damage.
Unknown command.
You hit the iguana but do no damage.
The iguana is moderately wounded.
The iguana bites you.
* * * LOW HITPOINT WARNING * * *
You hit the iguana. You burn the iguana.
The iguana is heavily wounded.
The iguana bites you!
You die...

##...................##
#.................#...#
#######........)......####.##
##..#...........[......## #..#
#.......................###...
##.#.#..............##.....#.##
###..#####............##.(...#...
#.##.######....()###..###........
#.....#.#.#....)@<.#...##........
........#.....##l................
......#.....#...#...#............
......###..##....................
##....#..........###.............
#...........###..##..............
#..#..............#..............
#####.....#......##..............
##.#).##...##............#....


You could see an iguana.

Vanquished Creatures
  A komodo dragon (D:5)
  3 necrophages
  An ice beast (D:5)
  An ogre (D:5)
  2 phantoms (D:5)
  A gnoll sergeant (D:6)
  A water moccasin zombie (D:5)
  A scorpion (D:4)
  A wyvern zombie (D:5)
  A water moccasin skeleton (D:5)
  2 wights (D:5)
  A centaur zombie (D:5)
  2 orc priests (D:4)
  2 hounds
  A bullfrog skeleton (D:4)
  2 iguanas
  An orc wizard (D:5)
  A hound skeleton (D:5)
  5 adders
  7 gnolls
  A howler monkey skeleton (D:5)
  2 river rats (D:5)
  An adder skeleton (D:4)
  6 worms
  2 dart slugs
  6 orcs
  3 ball pythons
  7 endoplasms
  2 giant cockroaches
  10 hobgoblins
  6 jackals (D:1)
  7 quokkas
  2 bats (D:2)
  3 frilled lizards
  6 goblins
  4 kobolds
  A quokka skeleton (D:4)
  5 rats
111 creatures vanquished.

Notes
Turn   | Place    | Note
-------+----------+-------------------------------------------
     0 | Abyss:1  | Gargoyl the Gargoyle Abyssal Knight began the quest for the
                  | Orb.
     0 | Abyss:1  | Reached XP level 1. HP: 14/14 MP: 2/2
     0 | D:1      | Escaped the Abyss
    99 | D:1      | Reached * piety under Lugonu
   232 | D:1      | Reached XP level 2. HP: 18/19 MP: 3/3
   419 | D:1      | Found a faded altar of an unknown god.
   920 | D:1      | Reached XP level 3. HP: 23/24 MP: 4/4
   933 | D:1      | Reached skill level 1 in Dodging
  1615 | D:2      | Reached XP level 4. HP: 27/29 MP: 5/5
  1976 | D:2      | Reached ** piety under Lugonu
  2663 | D:3      | Found a transporter.
  2681 | D:3      | Found a transporter.
  3055 | D:3      | Reached XP level 5. HP: 31/33 MP: 7/7
  3342 | D:3      | Found a hazy altar of Hepliaklqana.
  3634 | D:4      | Found a sacrificial altar of Ru.
  3838 | D:4      | Found Teasulet's Distillery.
  3841 | D:4      | Bought a potion of heal wounds for 60 gold pieces
  3841 | D:4      | Bought a potion of heal wounds for 60 gold pieces
  3841 | D:4      | Bought a potion of heal wounds for 60 gold pieces
  4018 | D:4      | Noticed a necrophage
  4026 | D:4      | Killed a necrophage
  4027 | D:4      | Reached XP level 6. HP: 38/38 MP: 8/8
  4168 | D:4      | Reached skill level 1 in Shields
  4474 | D:4      | Reached skill level 1 in Long Blades
  4637 | D:5      | Entered Level 5 of the Dungeon
  5108 | D:5      | Reached XP level 7. HP: 40/44 MP: 9/9
  5793 | D:5      | Reached XP level 8. HP: 43/48 MP: 11/11
  5959 | D:5      | Reached skill level 5 in Armour
  6160 | D:5      | Reached skill level 5 in Fighting
  6420 | D:5      | Found a burning altar of Makhleb.
  6420 | D:5      | Noticed a blizzard demon
  6446 | D:6      | Noticed a komodo dragon
  6454 | D:6      | Reached skill level 5 in Invocations
  6794 | D:5      | Killed a komodo dragon
  7179 | D:5      | Reached *** piety under Lugonu
  7335 | D:6      | Reached skill level 1 in Throwing
  7335 | D:6      | Reached XP level 9. HP: 28/54 MP: 13/13
  7478 | D:6      | Found a staircase to the Ecumenical Temple.
  7495 | D:5      | Slain by an iguana

Illustrated notes

Levels and vault maps discovered:
D:1:      sevenhm_arrival_forest_fort_large_3, layout_loops_ring,
          chequers_ecumenical_altar_simple_redux, kennysheep_doodads
D:2:      layout_loops_corners, corexii_leaking_fountain,
          nicolae_concentric_dashed_squares_wild
D:3:      gammafunk_steamed_eel, layout_loops_corners,
          worldfamousw_hep_ancestral_shrine
D:4:      layout_basic, nicolae_ru_awakened_eye, serial_shops,
          nicolae_shop_behind_doors, chequers_avenue
D:5:      layout_cave_pools, makhleb_altar_promises_db, gup_sewer_entry_bubbles
D:6:      layout_loops_ring, mainiacjoe_overflow_swirl,
          minmay_temple_entry_large_hall, kennysheep_nondescript,
          minmay_misc_feat_diagonals, minmay_bent, uniq_edmund

Skill      XL: |  1  2  3  4  5  6  7  8 |
---------------+-------------------------+-----
Axes           | 2 3 |  3.3
Dodging        | 1 2 |  2.1
Armour         | 3 4 5 |  5.9
Fighting       | 4 5 |  5.3
Invocations    | 3 4 5 |  5.5
Shields        | 1 2 3 |  3.5
Long Blades    | 1 3 4 |  4.7
Throwing       | 1 |  1.0
Stealth        | |  0.8

Action                   |  1- 3 |  4- 6 |  7- 9 || total
-------------------------+-------+-------+-------++-------
Melee: Hand axe          |    93 |    97 |       ||   190
       Punch             |       |     1 |       ||     1
       Long sword        |       |   100 |   171 ||   271
Throw: Dart              |       |       |    10 ||    10
Invok: Depart the Abyss  |     1 |       |       ||     1
       Bend Space        |       |       |     5 ||     5
  Use: Scroll            |     2 |     5 |       ||     7
       Potion            |       |     1 |     1 ||     2
Armor: Leather armour    |     6 |       |       ||     6
       Ring mail         |    54 |    54 |       ||   108
       Plate armour      |       |    62 |     2 ||    64
       Chain mail        |       |       |   110 ||   110
Dodge: Dodged            |    51 |    83 |    71 ||   205
Block: Kite shield       |       |    79 |    98 ||   177

Table legend: (Time is in decaauts)
 A = Elapsed time spent in this place.
 B = Non-inter-level travel time spent in this place.
 C = Inter-level travel time spent in this place.
 D = Time resting spent in this place.
 E = Time spent auto-exploring this place.
 F = Levels seen in this place.
 G = Mean time per level.
                   A        B        C        D        E       F      G
               +--------+--------+--------+--------+--------+-----+--------+
         Total |   7710 |   7458 |    252 |   1298 |   4604 |   7 | 1101.4 |
       Dungeon |   7710 |   7458 |    252 |   1298 |   4604 |   6 | 1285.0 |
         Abyss |      0 |      0 |      0 |      0 |      0 |   1 |    0.0 |
               +--------+--------+--------+--------+--------+-----+--------+

Top non-repeatable levels by time:
     D:5: 1991 daAuts
     D:4: 1971 daAuts
     D:1: 1382 daAuts
     D:2: 1164 daAuts
     D:3: 1082 daAuts
     D:6: 118 daAuts
